 Dungeon Crawl Stone Soup version 0.25.1-2-g60ff931df9 (webtiles) character file.

Game seed: 7172340743105821792

15598 protoss039 the Thaumaturge (level 12, -14/70 HPs)
             Began as a Deep Elf Earth Elementalist on Aug 9, 2020.
             Was a Priest of Sif Muna.
             Demolished by a tengu warrior
             ... wielding a +3 dire flail
              (17 damage)
             ... on level 13 of the Dungeon.
             The game lasted 00:41:26 (14691 turns).

protoss039 the Thaumaturge (DEEE)                  Turns: 14691, Time: 00:41:27

Health: -14/70     AC:  4    Str: 11    XL:     12   Next: 2%
Magic:  21/32      EV: 13    Int: 26    God:    Sif Muna [***...]
Gold:   590        SH:  5    Dex: 15    Spells: 20/39 levels left

rFire    . . .     SeeInvis .   w - +2 war axe (holy)
rCold    . . .     Gourm    .   (no shield)
rNeg     . . .     Faith    .   c - +0 robe
rPois    .         Spirit   .   N - +0 helmet
rElec    .         Reflect  +   (no cloak)
rCorr    .         Harm     .   p - +0 pair of gloves
MR       +....                  (no boots)
Stlth    ++........             v - amulet of reflection
HPRegen  0.21/turn              q - +4 ring of slaying
MPRegen  0.23/turn              D - +6 ring of strength

@: hasted and slowed
A: no striking features
a: Channel Magic, Forget Spell, Renounce Religion


You were on level 13 of the Dungeon.
You worshipped Sif Muna.
Sif Muna was most pleased with you.
You were near starving.

You visited 2 branches of the dungeon, and saw 14 of its levels.

You collected 590 gold pieces.

Inventory:

Hand Weapons
 w - a +2 war axe of holy wrath (weapon)
 x - a +4 quarterstaff of chaos
Missiles
 b - 240 stones (quivered)
Armour
 c - a +0 robe (worn)
 p - a +0 pair of gloves (worn)
 A - a cursed +0 cloak
 N - a +0 helmet (worn)
 O - a +0 troll leather armour
 P - +0 acid dragon scales
Jewellery
 i - an uncursed ring of fire
 j - an uncursed amulet of faith {unknown}
 q - a +4 ring of slaying (left hand)
 v - an amulet of reflection (around neck)
 z - an uncursed amulet of regeneration
 D - a +6 ring of strength (right hand)
Wands
 f - a wand of enslavement (9)
 H - a wand of polymorph (6)
 K - a wand of disintegration (4)
Scrolls
 e - 7 scrolls of remove curse {unknown}
 g - 3 scrolls of teleportation
 h - 2 scrolls of fog
 n - 3 scrolls of fear {unknown}
 r - 5 scrolls of amnesia {unknown}
 y - 4 scrolls of enchant armour
 C - a scroll of torment {unknown}
 F - a scroll of magic mapping
 G - a scroll of enchant weapon {unknown}
 M - a scroll of blinking {unknown}
 Q - a scroll of immolation {unknown}
Potions
 a - 2 potions of invisibility {unknown}
 k - a potion of stabbing {unknown}
 l - 2 potions of flight {unknown}
 m - a potion of resistance {unknown}
 o - 4 potions of heal wounds {unknown}
 s - 4 potions of curing {unknown}
 t - 2 potions of might {unknown}
 B - 3 potions of ambrosia {unknown}
 I - 2 potions of mutation {unknown}
 J - a potion of cancellation {unknown}
 L - a potion of brilliance {unknown}
Comestibles
 d - 14 rations


   Skills:
 * Level 6.0 Fighting
 - Level 5.0 Armour
 - Level 3.0 Dodging
 - Level 3.0 Stealth
 + Level 14.0 Spellcasting
 + Level 4.2 Conjurations
 - Level 2.0 Summonings
 * Level 3.1 Transmutations
 - Level 2.0 Air Magic
 - Level 11.2 Earth Magic
 * Level 6.9 Invocations


You had 20 spell levels left.
You knew the following spells:

 Your Spells              Type           Power        Failure   Level  Hunger
a - Sandblast             Erth           ######       1%          1    None
b - Passwall              Tmut/Erth      ######..     1%          2    None
c - Stone Arrow           Conj/Erth      ######       1%          3    None
d - Petrify               Tmut/Erth      ######..     1%          4    None
e - Lee's Rapid Deconstr  Erth           ######....   1%          5    ##.....
f - Summon Lightning Spi  Summ/Air       ####....     13%         4    None

Your spell library contained the following spells:

 Spells                   Type           Power        Failure   Level  Hunger
 Summon Small Mammal      Summ           ####         1%          1    None
 Call Imp                 Summ           ####....     1%          2    None
 Call Canine Familiar     Summ           ####....     4%          3    None
 Summon Guardian Golem    Hex/Summ       ###.....     6%          3    None
 Confusing Touch          Hex            ###.....     9%          3    None
 Gell's Gravitas          Tloc           ###.......   9%          3    None
 Summon Ice Beast         Ice/Summ       ###.....     21%         4    None
 Yara's Violent Unravell  Hex/Tmut       ####......   41%         5    ##.....
 Metabolic Englaciation   Hex/Ice        ###.......   63%         5    ##.....


Dungeon Overview and Level Annotations

Branches:
Dungeon (14/15)            Temple (1/1) D:4            Lair (0/6) D:8
    Orc (0/2) D:10
 Vaults: D:13-14

Altars:
Ashenzari
Cheibriados
Dithmenos
Elyvilon
Fedhas
Gozag
Hepliaklqana
Kikubaaqudgha
Makhleb
Nemelex Xobeh
Okawaru
Qazlal
Ru
Sif Muna
Trog
Uskayaw
Vehumet
Wu Jian
Xom
Yredelemnul
Zin
The Shining One

Shops:
D:5 !   D:8 !

Portals:
Trove: D:10 (give +2 ice dragon scales)

Annotations:
D:4 3 runed translucent doors, Maadim's ghost, amateur VSFi
D:8 2 transporters, Asparus's ghost, novice DEAE; Harold
D:9 Gastronok
D:13 exclusion: door, Maurice; Snorg


Message History

Sif Muna accepts your kill.
Your Spellcasting skill increases to level 14!
The tengu warrior hits you with a +3 dire flail!
* * * LOW HITPOINT WARNING * * *
The tengu warrior pecks you.
* * * LOW HITPOINT WARNING * * *
The tengu warrior claws you.
* * * LOW HITPOINT WARNING * * *
Unknown command.
Unknown command.
Unknown command.
Okay, then.
Okay, then.
Okay, then.
The tengu warrior closely misses you. The tengu warrior pecks you.
* * * LOW HITPOINT WARNING * * *
The tengu warrior barely misses you.
You feel yourself speed up.
The tengu warrior hits you with a +3 dire flail!
You die...

#..# ############ #.## ..#
.## .##### .....# .....# #..
.....##################.....
.....>..........@Q...)..#
.....####################
.....# ###### .## ..# #.#
#+# .......#


You could see a tengu warrior.

Vanquished Creatures
  Josephine (D:13)
  A centaur warrior (D:14)
  A two-headed ogre (D:8)
  A tengu warrior (D:14)
  2 unseen horrors
  3 ugly things (D:11)
  A manticore (D:11)
  A cyclops (D:13)
  3 trolls
  A tengu conjurer (D:14)
  A hippogriff (D:7)
  7 wraiths
  9 yaks (D:10)
  3 vampire mosquitoes (D:14)
  3 wargs
  2 acid dragons (D:11)
  A water moccasin (D:7)
  4 orc warriors
  2 ice beasts
  A black bear (D:9)
  4 phantoms
  3 ogres
  15 centaurs
  A big kobold (D:11)
  6 bullfrogs
  2 jellies
  2 scorpions
  12 killer bees
  A howler monkey (D:10)
  6 crimson imps
  2 centaur zombies
  5 hounds
  A quasit (D:9)
  3 orc priests
  5 bullfrog skeletons
  8 orc wizards
  4 centaur skeletons
  Crazy Yiuf (D:5)
  An iguana (D:4)
  3 worker ants
  3 hound zombies
  2 hound skeletons
  3 worker ant zombies
  12 adders
  5 shadow imps
  An ooze (D:1)
  4 adder skeletons
  A worm (D:3)
  3 dart slugs (D:1)
  4 leopard geckos
  18 orcs
  6 giant cockroaches
  4 goblins
  3 hobgoblins
  6 jackals
  15 kobolds
  11 quokkas
  A ball python (D:4)
  A ball python skeleton (D:4)
  6 bats
  7 frilled lizards
  A quokka skeleton (D:7)
  6 rats
  A plant (D:10)
257 creatures vanquished.

Vanquished Creatures (others)
  A plant (D:1)
1 creature vanquished.

Grand Total: 258 creatures vanquished

Notes
Turn   | Place    | Note
-------+----------+-------------------------------------------
     0 | D:1      | protoss039 the Deep Elf Earth Elementalist began the quest
                  | for the Orb.
     0 | D:1      | Reached XP level 1. HP: 10/10 MP: 6/6
   311 | D:1      | Reached XP level 2. HP: 15/15 MP: 2/8
   915 | D:1      | Reached XP level 3. HP: 14/19 MP: 7/10
  1393 | D:2      | Learned a level 2 spell: Passwall
  1397 | D:2      | Learned a level 3 spell: Stone Arrow
  1550 | D:2      | Found a blossoming altar of Fedhas.
  1796 | D:2      | Found a bloodstained altar of Trog.
  1993 | D:2      | Reached skill level 4 in Spellcasting
  2130 | D:2      | Reached XP level 4. HP: 24/24 MP: 9/12
  3041 | D:3      | Noticed an ogre
  3045 | D:3      | Killed an ogre
  3045 | D:3      | Reached skill level 5 in Spellcasting
  3045 | D:3      | Reached skill level 5 in Earth Magic
  3045 | D:3      | Reached XP level 5. HP: 28/28 MP: 10/14
  3449 | D:3      | Learned a level 4 spell: Petrify
  3696 | D:4      | Found a sacrificial altar of Ru.
  3711 | D:4      | Reached skill level 6 in Spellcasting
  3711 | D:4      | Reached XP level 6. HP: 32/32 MP: 7/17
  3992 | D:4      | Found a hazy altar of Hepliaklqana.
  4002 | D:4      | Found a staircase to the Ecumenical Temple.
  4019 | Temple   | Entered the Ecumenical Temple
  4319 | D:4      | Found a runed translucent gate.
  4319 | D:4      | Found a runed translucent gate.
  4319 | D:4      | Found a runed translucent gate.
  4320 | D:4      | Noticed Maadim's ghost (amateur VSFi)
  4783 | D:5      | Entered Level 5 of the Dungeon
  5145 | D:5      | Reached skill level 7 in Spellcasting
  5145 | D:5      | Reached XP level 7. HP: 29/36 MP: 12/19
  5660 | D:5      | Found a glowing silver altar of Zin.
  5665 | D:5      | Reached skill level 8 in Spellcasting
  6076 | D:5      | Found Wyosk's Distillery.
  6206 | D:5      | Found a runed translucent door.
  6207 | D:5      | Noticed Crazy Yiuf
  6372 | D:5      | Found a shimmering blue altar of Sif Muna.
  6375 | D:5      | Became a worshipper of Sif Muna the Loreminder
  6475 | D:5      | Learned a level 5 spell: Lee's Rapid Deconstruction
  6478 | D:5      | Killed Crazy Yiuf
  7078 | D:6      | Reached XP level 8. HP: 42/42 MP: 18/22
  7264 | D:6      | Reached skill level 1 in Invocations
  7376 | D:6      | Reached skill level 1 in Fighting
  7376 | D:6      | Reached skill level 9 in Spellcasting
  7495 | D:6      | Reached skill level 1 in Conjurations
  8315 | D:7      | Noticed a hippogriff
  8349 | D:7      | Reached skill level 10 in Spellcasting
  8542 | D:7      | Reached XP level 9. HP: 48/48 MP: 21/25
  8877 | D:7      | Reached * piety under Sif Muna
  9207 | D:8      | Found Howegor's Distillery.
  9207 | D:8      | Noticed Harold
  9207 | D:8      | Noticed a two-headed ogre
  9515 | D:8      | Killed a two-headed ogre
  9515 | D:8      | Reached skill level 11 in Spellcasting
  9905 | D:8      | Found a staircase to the Lair.
  9946 | D:8      | Found a transporter.
  9949 | D:8      | Found a transporter.
  9949 | D:8      | Noticed Asparus's ghost (novice DEAE)
 10421 | D:9      | Noticed Gastronok
 10455 | D:9      | Reached skill level 10 in Earth Magic
 10455 | D:9      | Reached XP level 10. HP: 56/56 MP: 14/27
 10701 | D:9      | Reached skill level 5 in Invocations
 10869 | D:9      | Found an ancient bone altar of Kikubaaqudgha.
 10921 | D:10     | Entered Level 10 of the Dungeon
 10925 | D:10     | Reached ** piety under Sif Muna
 10999 | D:10     | Reached skill level 12 in Spellcasting
 11402 | D:10     | Killed an unseen horror
 11515 | D:10     | Found a staircase to the Orcish Mines.
 11908 | D:10     | Found a portal to a secret trove of treasure.
 12413 | D:11     | Reached skill level 13 in Spellcasting
 12437 | D:11     | Reached XP level 11. HP: 47/62 MP: 6/30
 12574 | D:11     | Reached *** piety under Sif Muna
 12574 | D:11     | Reached skill level 1 in Armour
 12759 | D:11     | Noticed a purple ugly thing
 12759 | D:11     | Noticed a cyan ugly thing
 12760 | D:11     | Noticed a white ugly thing
 12762 | D:11     | Killed a cyan ugly thing
 12765 | D:11     | Killed a white ugly thing
 12943 | D:11     | Killed a purple ugly thing
 13100 | D:11     | You fall into a shaft and drop 3 floors!
 13353 | D:14     | Noticed a centaur warrior
 13363 | D:14     | Killed a centaur warrior
 13363 | D:14     | Reached skill level 5 in Armour
 13363 | D:14     | Reached skill level 5 in Fighting
 13597 | D:14     | Learned a level 4 spell: Summon Lightning Spire
 13613 | D:14     | Noticed a tengu warrior
 13617 | D:14     | Killed a tengu warrior
 13618 | D:14     | Reached skill level 1 in Summonings
 13626 | D:14     | Reached skill level 1 in Air Magic
 13852 | D:14     | Killed an unseen horror
 14309 | D:13     | Noticed Snorg
 14640 | D:13     | Noticed Maurice
 14668 | D:13     | Noticed Josephine
 14674 | D:13     | Killed Josephine
 14683 | D:13     | Noticed a tengu warrior
 14688 | D:13     | Reached XP level 12. HP: 37/70 MP: 20/31
 14689 | D:13     | Reached skill level 14 in Spellcasting
 14690 | D:13     | HP: 2/70 [tengu warrior/+3 dire flail (4)]
 14691 | D:13     | Demolished by a tengu warrior

Illustrated notes

Levels and vault maps discovered:
D:1:      dpeg_arrival_snail, layout_basic, lexackson_kobold_supper
D:2:      layout_loops_ring, bloody_trog, lemuel_crystal_altar
D:3:      layout_basic
D:4:      layout_basic, kennysheep_little_box,
          nicolae_ru_great_annihilating_truth, minmay_temple_entry_sparse_star,
          ebering_ghost_rock_garden
D:5:      layout_basic, lemuel_round_altar, lemuel_blue_sif_altar, serial_shops,
          kennysheep_mini, first_ration, uniq_crazy_yiuf_cottage
D:6:      layout_basic
D:7:      layout_basic
D:8:      layout_loops_ring, erik_lair_orcish_takeover, serial_shops,
          nicolae_shop_waterfront, gammafunk_ghost_arena, uniq_harold
D:9:      layout_rooms, basic_altar, grunt_pizzeria, uniq_gastronok
D:10:     layout_loops_ring, david_orc_3, nicolae_trove_entry_free_sample,
          serial_bayou_pond_d
D:11:     layout_loops_ring, kennysheep_decorative_pillar
D:13:     layout_roguey, david_vaults_1, roderic_batcave, uniq_maurice,
          uniq_snorg, uniq_josephine
D:14:     layout_irregular_city, minmay_misc_feat_rows
Temple:   regret_index_temple_sphere_string

Skill      XL: |  1  2  3  4  5  6  7  8  9 10 11 12 |
---------------+-------------------------------------+-----
Earth Magic    | 4 5 6 7 8 10 11 | 11.2
Dodging        | 3 |  3.0
Stealth        | 3 |  3.0
Spellcasting   | 4 5 6 7 8 10 11 13 14 | 14.0
Invocations    | 3 4 6 |  6.9
Fighting       | 2 3 4 6 |  6.0
Conjurations   | 1 3 4 |  4.2
Armour         | 5 |  5.0
Summonings     | 2 |  2.0
Air Magic      | 2 |  2.0
Transmutations | 3 |  3.1

Action                   |  1- 3 |  4- 6 |  7- 9 | 10-12 || total
-------------------------+-------+-------+-------+-------++-------
Melee: Unarmed           |    11 |       |       |       ||    11
       Short sword       |    12 |    22 |       |       ||    34
       War axe           |       |    19 |    15 |    25 ||    59
 Cast: Sandblast         |    41 |    64 |    77 |    64 ||   246
       Stone Arrow       |       |     2 |    65 |    53 ||   120
       Lee's Rapid Decon |       |       |     9 |    51 ||    60
       Passwall          |       |       |     1 |       ||     1
       Petrify           |       |       |     4 |     4 ||     8
Invok: Channel Magic     |       |       |       |     1 ||     1
  Use: Scroll            |       |       |     6 |     2 ||     8
       Potion            |       |       |       |     2 ||     2
 Stab: Sleeping          |     3 |     4 |     3 |       ||    10
  Eat: Chunk             |     4 |     7 |     9 |    16 ||    36
       Ration            |       |       |     3 |       ||     3
Armor: Robe              |     5 |     6 |     6 |     9 ||    26
Dodge: Dodged            |    25 |    49 |    22 |    45 ||   141
Block: Other             |       |       |     5 |    14 ||    19
       Reflection        |       |       |     1 |     7 ||     8
